 Dungeon Crawl Stone Soup version 0.29.0-13-gc9e81de378 (webtiles) character file.

Game seed: 4596867857064577610

212 RePankoism the Chopper (level 5, -3/42 HPs)
             Began as a Demonspawn Gladiator on Sept 9, 2022.
             Slain by Duvessa
             ... wielding a +3 short sword
              (7 damage)
             ... on level 4 of the Dungeon.
             The game lasted 00:05:25 (3693 turns).

RePankoism the Chopper (Demonspawn Gladiator)       Turns: 3693, Time: 00:05:25

Health: -3/42      AC:  8    Str: 17    XL:     5   Next: 58%
Magic:  5/5        EV: 10    Int:  9    God:
Gold:   182        SH:  0    Dex: 14    Spells: 4/4 levels left

rFire   . . .      SeeInvis .   a - +0 war axe
rCold   . . .      Faith    .   (no shield)
rNeg    . . .      Spirit   .   f - +0 scale mail
rPois   .          Reflect  .   c - +0 helmet
rElec   .          Harm     .   (no cloak)
rCorr   .          Rampage  .   (no gloves)
Will    .....                   q - +0 pair of boots
Stlth   ..........              (no amulet)
HPRegen 0.14/turn               (no ring)
MPRegen 0.18/turn               (no ring)

@: no status effects
A: magic regeneration, demonic magic 1, weakness stinger 1
a: no special abilities


You were on level 4 of the Dungeon.
You visited 1 branch of the dungeon, and saw 4 of its levels.

You collected 182 gold pieces.

Inventory:

Hand Weapons
 a - a +0 war axe (weapon)
Missiles
 d - 3 throwing nets (quivered)
 e - a javelin
Armour
 b - a +0 leather armour
 c - a +0 helmet (worn)
 f - a +0 scale mail (worn)
 q - a +0 pair of boots (worn)
Magical Staves
 g - a staff of poison
Jewellery
 l - a +4 ring of evasion
Scrolls
 h - a scroll of noise {unknown}
 i - a scroll of identify {unknown}
 j - a scroll of fear {unknown}
 m - 2 scrolls of poison {unknown}
 n - a scroll of enchant weapon {unknown}
Potions
 k - 3 potions of brilliance {unknown}
 o - a potion of mutation {unknown}
 p - a potion of heal wounds {unknown}
 r - a potion of flight {unknown}
 s - a potion of resistance {unknown}
 t - a potion of haste {unknown}
 u - a potion of lignification {unknown}


   Skills:
 + Level 3.7 Fighting
 + Level 3.9 Axes
 - Level 1.7 Throwing
 + Level 2.6 Armour
 - Level 2.6 Dodging


You had 4 spell levels left.
You didn't know any spells.
Your spell library contained the following spells:

 Spells                   Type           Power      Damage    Failure   Level
 Apportation              Tloc           0%         N/A       80%         1
 Necrotise                Necr           0%         1d4       80%         1
 Summon Small Mammal      Summ           0%         N/A       80%         1
 Sublimation of Blood     Necr           0%         N/A       90%         2
 Wereblood                Tmut           0%         N/A       90%         2
 Conjure Flame            Conj/Fire      0%         6-21      99%         3
 Ignite Poison            Fire/Tmut/Pois 0%         N/A       99%         3
 Sticky Flame             Conj/Fire      0%         2d3       100%        4
 Summon Hydra             Summ           0%         N/A       100%        7
 Chain Lightning          Conj/Air       0%         N/A       100%        9
 Fire Storm               Conj/Fire      0%         5d1       100%        9
 Shatter                  Erth           0%         3d5*      100%        9


Dungeon Overview and Level Annotations

Branches:
Dungeon (4/15)
 Temple: D:4-7

Altars:

Shops:
D:1 (   D:4 (

Annotations:
D:3 3 runed translucent doors, Ofeo's ghost, weakling MeFE
D:4 3 runed translucent doors, Dowan; Duvessa; mrw3rdna's ghost, amateur TeGl


Innate Abilities, Weirdness & Mutations

You regenerate magic rapidly.
Spells you cast may paralyse adjacent enemies.
You have a small tail.


Message History

Duvessa hits you but does no damage. Duvessa hits you with a +3 short sword!
You take 11 damage, and have 31/42 hp.
MASSIVE DAMAGE!!
You hit Duvessa.
Duvessa is moderately wounded.
Duvessa hits you with a +3 short sword.
You take 4 damage, and have 27/42 hp.
You closely miss Duvessa.
Duvessa is moderately wounded.
You slash Dowan! Dowan hits you but does no damage.
Duvessa hits you with a +3 short sword.
You take 4 damage, and have 23/42 hp.
You barely miss Duvessa. You tail-slap Duvessa.
Duvessa is moderately wounded.
You barely miss Dowan. Duvessa hits you with a +3 short sword.
Dowan hits you with a +0 dagger.
Dowan mumbles some strange words.
Dowan blinks!
Duvessa hits you but does no damage.
You take 6 damage, and have 17/42 hp.
You hit Duvessa.
Duvessa is heavily wounded.
Duvessa hits you with a +3 short sword.
You take 3 damage, and have 14/42 hp.
You hit Duvessa.
Duvessa is heavily wounded.
Dowan points at you and mumbles some strange words.
The puff of flame hits you.
* * * LOW HITPOINT WARNING * * *
Duvessa hits you but does no damage.
You take 5 damage, and have 9/42 hp.
You hit Duvessa.
Duvessa is severely wounded.
Duvessa hits you with a +3 short sword.
* * * LOW HITPOINT WARNING * * *
Duvessa hits you with a +3 short sword.
* * * LOW HITPOINT WARNING * * *
You take 5 damage, and have 4/42 hp.
You hit Duvessa.
Your tail-slap misses Duvessa.
Duvessa is severely wounded.
Duvessa hits you with a +3 short sword!
You die...

##.....#.....#####'#.######....
#.................#.#.........
#.................#.#.........
#.................#.#.........
#.................#.#.........
#.................#.#.........
#.................#.#[........
#.....#...#+#e....#.#.........
########### #@.#.##...........
.......e.#.#####..#.####
.........#..........#
.........#........###
.........+........#
.........#........#
#####....#..<.....#
###..#........# #........#


You could see Duvessa and Dowan.

Vanquished Creatures
  A scorpion (D:4)
  5 adders
  3 gnolls (D:3)
  3 dart slugs
  An orc (D:3)
  15 ball pythons
  9 bats
  7 endoplasms
  4 giant cockroaches
  6 goblins
  2 hobgoblins
  10 kobolds
  A quokka (D:4)
  2 frilled lizards
  3 rats
72 creatures vanquished.

Notes
Turn   | Place    | Note
-------+----------+-------------------------------------------
     0 | D:1      | RePankoism the Demonspawn Gladiator began the quest for the
                  | Orb.
     0 | D:1      | Reached XP level 1. HP: 16/16 MP: 1/1
   166 | D:1      | Found Yllelan's Weapon Emporium.
   170 | D:1      | Gained mutation: You regenerate magic rapidly. [demonic
                  | ancestry]
   170 | D:1      | Reached XP level 2. HP: 22/22 MP: 2/2
   290 | D:1      | Reached skill level 1 in Armour
  1105 | D:1      | Reached XP level 3. HP: 28/28 MP: 3/3
  1561 | D:2      | Gained mutation: Spells you cast may paralyse adjacent
                  | enemies. [demonic ancestry]
  1561 | D:2      | Reached XP level 4. HP: 31/35 MP: 4/4
  2394 | D:3      | Found a faded altar of an unknown god.
  2406 | D:3      | Gained mutation: You have a small tail. [demonic ancestry]
  2406 | D:3      | Reached XP level 5. HP: 8/41 MP: 5/5
  2864 | D:3      | Found a runed translucent gate.
  2864 | D:3      | Found a runed translucent gate.
  2864 | D:3      | Found a runed translucent gate.
  2867 | D:3      | Noticed Ofeo's ghost (weakling MeFE)
  2868 | D:3      | Identified the +0 ring mail of Peicic {Regen+ Int+4}
  3194 | D:4      | Found a runed translucent gate.
  3194 | D:4      | Found a runed translucent gate.
  3194 | D:4      | Found a runed translucent gate.
  3439 | D:4      | Found Ximakled's Weapon Shoppe.
  3668 | D:4      | Noticed mrw3rdna's ghost (amateur TeGl)
  3668 | D:4      | Noticed an ice beast
  3668 | D:4      | Noticed an ice beast
  3682 | D:4      | Noticed Duvessa
  3684 | D:4      | Noticed Dowan
  3693 | D:4      | Slain by Duvessa

Illustrated notes

Levels and vault maps discovered:
D:1:      dpeg_arrival_renting, layout_basic, serial_shops,
          nicolae_shop_bloodbath_and_beyond, serial_corexii_hall,
          corexii_hall_statues_deadend, corexii_hall_statues_i, st_stairs_6,
          chequers_serial_rivers_micro_c, minmay_box_of_dots
D:2:      layout_rooms, kennysheep_generic_room_10
D:3:      layout_rooms, biasface_ghost_orc_armoury,
          nicolae_ecumenical_snake_handling, minmay_hedge_maze
D:4:      layout_basic, serial_shops, kennysheep_mini, gammafunk_ghost_icy,
          minmay_misc_feat_enclosed, nicolae_underground_beach, uniq_sigmund,
          uniq_duvessa

Skill      XL: |  1  2  3  4 |
---------------+-------------+-----
Armour         | 1 2 |  2.6
Axes           | 3 |  3.9
Fighting       | 3 |  3.7
Throwing       | |  1.7
Dodging        | |  2.6

Action                   |  1- 3 |  4- 6 || total
-------------------------+-------+-------++-------
Melee: War axe           |    76 |    91 ||   167
       Tailslap          |       |    10 ||    10
Armor: Scale mail        |    56 |    44 ||   100
       Leather armour    |     1 |       ||     1
Dodge: Dodged            |    51 |    54 ||   105
